 Seeded DCSS version 0.27.1-3-gb3d3a73c9e (webtiles) character file.

Game seed: 20211025 (custom seed)

511 abrahamlauer the Slasher (level 6, -2/48 HPs)
             Began as a Demonspawn Monk on Oct 27, 2021.
             Was an Elder of Vehumet.
             Slain by a gnoll (9 damage)
             ... on level 4 of the Dungeon.
             The game lasted 00:19:35 (5620 turns).

abrahamlauer the Slasher (Demonspawn Monk)          Turns: 5620, Time: 00:19:36

Health: -2/48      AC:  2    Str: 12    XL:     6   Next: 99%
Magic:  6/6        EV: 13    Int: 11    God:    Vehumet [****..]
Gold:   154        SH:  4    Dex: 17    Spells: 5/5 levels left

rFire    + . .     SeeInvis .   a - +0 falchion
rCold    + . .     Faith    .   (no shield)
rNeg     . . .     Spirit   .   b - +0 robe
rPois    .         Reflect  .   k - +0 hat
rElec    .         Harm     .   (no cloak)
rCorr    .         Rampage  .   (no gloves)
Will     .....                  (no boots)
Stlth    +++.......             (no amulet)
HPRegen  0.16/turn              g - ring of protection from cold
MPRegen  0.10/turn              o - ring of protection from fire

@: no status effects
A: talons 1, large bone plates 1, spiny 1
a: Renounce Religion


You were on level 4 of the Dungeon.
You worshipped Vehumet.
Vehumet was greatly pleased with you.
You visited 1 branch of the dungeon, and saw 4 of its levels.

You collected 154 gold pieces.

Inventory:

Hand Weapons
 a - a +0 falchion (weapon)
Missiles
 d - 106 stones (quivered)
 i - 11 poisoned darts
 l - 47 arrows
Armour
 b - a +0 robe (worn)
 k - a +0 hat (worn)
Jewellery
 g - a ring of protection from cold (left hand)
 o - a ring of protection from fire (right hand)
Wands
 c - a wand of flame (15)
Scrolls
 e - a scroll of enchant armour {unknown}
 h - a scroll of acquirement {unknown}
 m - a scroll of blinking {unknown}
 n - 2 scrolls of identify
Potions
 f - a potion of curing {unknown}
 j - a potion of flight


   Skills:
 + Level 4.2 Fighting
 + Level 4.6 Long Blades
 + Level 2.3 Throwing
 + Level 3.5 Dodging
 * Level 3.5 Stealth
 + Level 1.1 Shields


You had 5 spell levels left.
You didn't know any spells.
Your spell library contained the following spells:

 Spells                   Type           Power      Damage    Failure   Level
 Iskenderun's Mystic Bla  Conj/Tloc      0%         2d3       63%         4
 Poisonous Vapours        Pois/Air       0%         N/A       14%         2
 Corpse Rot               Necr/Air       N/A        N/A       47%         2
 Freezing Cloud           Conj/Ice/Air   0%         6-21      90%         5


Dungeon Overview and Level Annotations

Branches:
Dungeon (4/15)
 Temple: D:4-7

Altars:
Vehumet
Yredelemnul

Shops:
D:1 =?([


Innate Abilities, Weirdness & Mutations

You have sharp toenails.
You are partially covered in large bone plates. (SH +4)
You are partially covered in sharp spines.


Message History

You block the gnoll's attack. The gnoll closely misses you.
The gnoll shaman calls down the wrath of its god upon you.
You resist with some effort.
You hit the gnoll shaman. Your kick misses the gnoll shaman.
The gnoll shaman is almost dead.
The gnoll hits you from afar with a +0 spear!
The gnoll closely misses you.
The gnoll shaman prays to its god.
The gnoll shaman is healed somewhat.
You closely miss the gnoll shaman. You claw the gnoll shaman.
The gnoll shaman is severely wounded.
You block the gnoll's attack.
The gnoll hits you from afar with a +0 halberd.
The gnoll shaman closely misses you.
You hit the gnoll shaman.
You claw the gnoll shaman, but do no damage.
The gnoll shaman is almost dead.
The gnoll hits you from afar with a +0 spear.
The gnoll barely misses you.
The gnoll shaman hits you with a +0 club.
The gnoll misses you.
You hit the gnoll shaman but do no damage.
You claw the gnoll shaman, but do no damage.
The gnoll shaman is almost dead.
The gnoll barely misses you.
The gnoll shaman calls upon its god to speed up the gnoll.
The gnoll seems to speed up.
You block the gnoll's attack.
You hit the gnoll shaman. You claw the gnoll shaman.
The gnoll shaman is almost dead.
The gnoll closely misses you.
The gnoll shaman hits you with a +0 club.
* * * LOW HITPOINT WARNING * * *
The gnoll barely misses you.
The gnoll hits you from afar with a +0 spear.
* * * LOW HITPOINT WARNING * * *
You closely miss the gnoll shaman.
The gnoll shaman is almost dead.
The gnoll closely misses you. The gnoll shaman completely misses you.
The gnoll hits you from afar with a +0 spear!
You die...

.###### ## #.......#
#........ ##........
#.........
#......... .........
####g.......
#.@gg(...... #
#####.##........ ##
###..#8.8#.##.).((
.### #..........#
.... ...##
##....#8.8### ...
....## #.....##.###
#.
.....####..........
...(#....#........<
..######.......#####


You could see a gnoll shaman and 2 gnolls.

Vanquished Creatures
  Grinder (D:3)
  A sky beast (D:3)
  A hound (D:4)
  An iguana (D:4)
  2 orc wizards (D:4)
  2 gnolls (D:4)
  3 adders (D:2)
  A worm (D:2)
  A dart slug (D:2)
  3 orcs
  6 ball pythons
  4 endoplasms
  3 giant cockroaches
  9 goblins
  5 hobgoblins
  3 jackals (D:2)
  7 kobolds
  3 quokkas
  8 bats
  2 frilled lizards
  5 rats
71 creatures vanquished.

Vanquished Creatures (others)
  2 demonic plants (D:2)
  2 fungi (D:2)
  A plant (D:2)
  A withered plant (D:2)
6 creatures vanquished.

Grand Total: 77 creatures vanquished

Notes
Turn   | Place    | Note
-------+----------+-------------------------------------------
     0 | D:1      | abrahamlauer the Demonspawn Monk began the quest for the
                  | Orb.
     0 | D:1      | Reached XP level 1. HP: 18/18 MP: 1/1
   341 | D:1      | Gained mutation: You are partially covered in large bone
                  | plates. (SH +4) [demonic ancestry]
   341 | D:1      | Reached XP level 2. HP: 24/24 MP: 2/2
   429 | D:1      | Found Fotta's Weapon Boutique.
   668 | D:1      | Found Wiywomu's Antique Armour Shoppe.
   828 | D:1      | Found Paowkaj's Jewellery Emporium.
   912 | D:1      | Found Qumot's Magic Scroll Emporium.
  1066 | D:2      | Found a faded altar of an unknown god.
  1170 | D:2      | Became a worshipper of Vehumet
  1170 | D:2      | Reached * piety under Vehumet
  1170 | D:2      | Offered knowledge of Foxfire by Vehumet.
  1170 | D:2      | Reached ** piety under Vehumet
  1340 | D:2      | Offered knowledge of Freeze by Vehumet.
  1371 | D:2      | Gained mutation: You have sharp toenails. [demonic
                  | ancestry]
  1371 | D:2      | Reached XP level 3. HP: 11/29 MP: 3/3
  1635 | D:2      | Offered knowledge of Ignite Poison by Vehumet.
  2061 | D:2      | Reached *** piety under Vehumet
  2527 | D:2      | Reached XP level 4. HP: 7/37 MP: 4/4
  3128 | D:2      | Reached skill level 1 in Throwing
  3308 | D:3      | Noticed Grinder
  3322 | D:3      | Paralysed by Grinder for 6 turns
  3334 | D:3      | Killed Grinder
  3335 | D:3      | Gained mutation: You are partially covered in sharp spines.
                  | [demonic ancestry]
  3335 | D:3      | Reached XP level 5. HP: 18/42 MP: 5/5
  3335 | D:3      | Reached XP level 6. HP: 20/48 MP: 6/6
  3501 | D:3      | Noticed a sky beast
  3511 | D:3      | Killed a sky beast
  3512 | D:3      | Reached skill level 1 in Shields
  3918 | D:3      | Offered knowledge of Iskenderun's Mystic Blast by Vehumet.
  4604 | D:4      | Found a basalt altar of Yredelemnul.
  5612 | D:4      | Reached **** piety under Vehumet
  5620 | D:4      | Slain by a gnoll

Illustrated notes

Levels and vault maps discovered:
D:1:      wander_arrival_peaceful_grave, layout_basic, serial_shops,
          nicolae_lakefront_shop, nicolae_shop_waterfront, shop,
          nicolae_square_shop
D:2:      layout_basic, shapermc_ecumenical_altar_gd
D:3:      layout_basic, uniq_grinder
D:4:      layout_cave_pods, mainiacjoe_overflow_24_doors,
          small_statue_intersection

Skill      XL: |  1  2  3  4  5  6 |
---------------+-------------------+-----
Stealth        | 2 3 |  3.5
Long Blades    | 3 4 |  4.6
Dodging        | 3 |  3.5
Throwing       | 1 2 |  2.3
Fighting       | 4 |  4.2
Shields        | 1 |  1.1

Action                   |  1- 3 |  4- 6 || total
-------------------------+-------+-------++-------
Melee: Falchion          |   110 |    77 ||   187
       Kick              |    17 |    19 ||    36
Throw: Stone             |    74 |    50 ||   124
  Use: Scroll            |       |     6 ||     6
       Potion            |       |     6 ||     6
 Stab: Sleeping          |     1 |     2 ||     3
Armor: Robe              |    11 |     4 ||    15
Dodge: Dodged            |    55 |    42 ||    97
Block: Other             |    11 |    13 ||    24
       Rpst.: Falchion   |    16 |     9 ||    25
